 Dungeon Crawl Stone Soup version 0.30.1-4-g462c640d31 (console) character file.

Game seed: 6495984886043306008

345 shmup the Changer (level 6, -5/55 HPs)
             Began as a Draconian Transmuter on Sept 9, 2023.
             Was an Initiate of Sif Muna.
             Slain by a gnoll sergeant
             ... wielding a +0 trident
              (10 damage)
             ... on level 5 of the Dungeon.
             The game lasted 00:10:48 (3577 turns).

shmup the Changer (Draconian Transmuter)            Turns: 3577, Time: 00:10:48

Health: -5/55      AC:  6    Str: 13    XL:     6   Next: 32%
Magic:  9/9        EV: 19    Int: 15    God:    Sif Muna [......]
Gold:   90         SH:  0    Dex: 13    Spells: 3/9 levels left

rFire   . .          .
                       - Unarmed
rCold   + . .        (no shield)
rNeg    . . .        (body armour unavailable)
rPois   .            (helmet currently unavailable)
rElec   .            (no cloak)
rCorr   .            (no gloves)
SInv    +            (boots currently unavailable)
Will    +....        (no amulet)
Stlth   ++           b - ring of the Ageing Queen {rC+ Will+ Dex+2 SInv Stlth+}
HPRegen 0.29/turn    c - +5 ring of evasion
MPRegen 0.11/turn

%: no passive effects
@: appendages (expiring), wereblooded, studying Ranged Weapons
A: horns 2, talons 2, AC +6, unfitting armour, cold-blooded
a: End Transformation, Renounce Religion


You were on level 5 of the Dungeon.
You worshipped Sif Muna.
Sif Muna was noncommittal.
You had temporarily grown beastly horns and talons.
You visited 1 branch of the dungeon, and saw 5 of its levels.

You collected 173 gold pieces.
You spent 83 gold pieces at shops.

Inventory:

Missiles
 e - 24 stones (quivered)
 g - 10 boomerangs
Jewellery
 b - the ring of the Ageing Queen (left hand) {rC+ Will+ Dex+2 SInv Stlth+}
   (You found it on level 2 of the Dungeon)

   [ring of protection from cold]

   Dex:       It affects your dexterity (+2).
   rC:        It protects you from cold.
   SInv:      It lets you see invisible.
   Will:      It increases your willpower.
   Stlth:     It makes you more stealthy.
 c - a +5 ring of evasion (right hand)
Scrolls
 i - a scroll of teleportation
Potions
 a - a potion of lignification
 d - 2 potions of mutation
 f - a potion of haste
 h - a potion of curing {unknown}
 j - a potion of brilliance
 k - a potion of heal wounds {unknown}
 l - a potion of ambrosia {unknown}


   Skills:
 - Level 4.8 Fighting
 - Level 5.7 Dodging
 - Level 7.3 Unarmed Combat
 - Level 2.0 Spellcasting
 + Level 7.5 Transmutations


You had 3 spell levels left.
You knew the following spells:

 Your Spells              Type           Power      Damage    Failure   Level
a - Beastly Appendage     Tmut           48%        N/A       1%          1
b - Wereblood             Tmut           24%        N/A       1%          2
c - Spider Form           Tmut/Pois      12%        N/A       14%         3

Your spell library contained the following spells:

 Spells                   Type           Power      Damage    Failure   Level
 Apportation              Tloc           2%         N/A       22%         1
 Foxfire                  Conj/Fire      4%         2x1d4     22%         1
 Necrotise                Necr           4%         1d4       22%         1
 Shock                    Conj/Air       4%         1d3       22%         1
 Summon Small Mammal      Summ           4%         N/A       22%         1
 Mephitic Cloud           Conj/Pois/Air  1%         N/A       54%         3
 Ice Form                 Ice/Tmut       12%        N/A       43%         4
 Petrify                  Tmut/Erth      12%        N/A       43%         4
 Manifold Assault         Tloc           1%         N/A       91%         4
 Metabolic Englaciation   Hex/Ice        0%         N/A       99%         5
 Dispersal                Tloc           0%         N/A       100%        6
 Iron Shot                Conj/Erth      0%         9d1       100%        6
 Statue Form              Tmut/Erth      8%         N/A       100%        6
 Spellforged Servitor     Conj/Summ      0%         N/A       100%        7
 Disjunction              Tloc           0%         N/A       100%        8


Dungeon Overview and Level Annotations

Branches:
Dungeon (5/15) Zot: 26433
 Temple: D:4-7

Altars:
Ru
Sif Muna
Xom
Yredelemnul

Shops:
D:3 ??

Annotations:
D:3 1 runed translucent door, exclusion: downstairs
D:4 Menkaure


Innate Abilities, Weirdness & Mutations

You have temporarily grown beastly horns and talons.
Your plain brown scales are hard. (AC +6)
You cannot fit into any form of body armour.
You are cold-blooded and may be slowed by cold attacks.


Message History

The gnoll sergeant blocks your attack. x2
The gnoll sergeant is lightly wounded.
Your transformation is almost over.
The gnoll sergeant hits you with a +0 trident!
* * * LOW HITPOINT WARNING * * *
The gnoll hits you from afar with a +0 spear.
* * * LOW HITPOINT WARNING * * *
You hit the gnoll sergeant but do no damage.
The gnoll sergeant is lightly wounded.
The gnoll sergeant hits you but does no damage.
The gnoll misses you.
You barely miss the gnoll sergeant. Your kick misses the gnoll sergeant.
You tail-slap the gnoll sergeant.
The gnoll sergeant is moderately wounded.
The gnoll sergeant hits you with a +0 trident.
* * * LOW HITPOINT WARNING * * *
The gnoll barely misses you.
Unknown command.
You hit the gnoll sergeant.
You claw the gnoll sergeant, but do no damage.
You tail-slap the gnoll sergeant.
The gnoll sergeant is heavily wounded.
You howl as the wereblood boils in your veins!
The gnoll sergeant hits you with a +0 trident!
* * * LOW HITPOINT WARNING * * *
The gnoll completely misses you. The gnoll sergeant blocks your attack.
Your kick misses the gnoll sergeant. The gnoll sergeant blocks your attack.
The gnoll sergeant is heavily wounded.
The gnoll sergeant misses you.
The gnoll hits you from afar with a +0 spear!
* * * LOW HITPOINT WARNING * * *
Unknown command.
You hit the gnoll sergeant but do no damage.
You claw the gnoll sergeant.
Your tail-slap misses the gnoll sergeant.
The gnoll sergeant is severely wounded.
Unknown command.
The gnoll sergeant hits you from afar with a +0 trident!
You die...

▒▒▒ ▒<▒
▒d▒ ▒)▒
▒g▒ ▒g▒
▒.gg▒
▒.....
....▒.?.
.....▒▒▒▒▒
......+


You could see a gnoll sergeant and 3 gnolls.

Vanquished Creatures
  A jelly (D:4)
  2 iguanas (D:4)
  An orc wizard (D:4)
  2 gnolls (D:5)
  7 adders
  An ufetubus (D:4)
  A worm (D:3)
  A dart slug (D:4)
  4 orcs (D:4)
  6 bats
  7 endoplasms
  7 goblins
  6 hobgoblins
  3 kobolds
  A quokka (D:2)
  7 ball pythons
  5 frilled lizards
  A jackal skeleton (D:3)
  6 rats
69 creatures vanquished.

Notes
Turn   | Place    | Note
-------+----------+-------------------------------------------
     0 | D:1      | shmup the Draconian Transmuter began the quest for the Orb.
     0 | D:1      | Reached XP level 1. HP: 16/16 MP: 3/3
    97 | D:1      | Got the Spellbook of Outbursts
   262 | D:1      | Reached XP level 2. HP: 21/23 MP: 3/5
   295 | D:1      | Learned a level 2 spell: Wereblood
  1064 | D:2      | Identified the ring of the Ageing Queen {rC+ Will+ Dex+2
                  | SInv Stlth+}
  1144 | D:2      | Found a shimmering altar of Xom.
  1169 | D:2      | Reached XP level 3. HP: 28/28 MP: 4/6
  1885 | D:3      | Reached XP level 4. HP: 32/35 MP: 5/7
  1952 | D:3      | Found Buxi's Magic Scroll Emporium.
  1967 | D:3      | Bought a scroll of identify for 22 gold pieces
  1967 | D:3      | Bought a scroll of teleportation for 33 gold pieces
  1968 | D:3      | Reached skill level 5 in Dodging
  1968 | D:3      | Reached XP level 5. HP: 47/47 MP: 6/8
  1973 | D:3      | Learned a level 3 spell: Spider Form
  2046 | D:3      | Found a runed translucent door.
  2046 | D:3      | Noticed a human
  2056 | D:3      | Found a basalt altar of Yredelemnul.
  2726 | D:3      | Found Hamnaghuomm's Magic Scroll Shoppe.
  2730 | D:3      | Bought a scroll of identify for 28 gold pieces
  2930 | D:3      | Found a shimmering blue altar of Sif Muna.
  2933 | D:3      | Became a worshipper of Sif Muna the Loreminder
  3000 | D:4      | Noticed Menkaure
  3109 | D:4      | Found a sacrificial altar of Ru.
  3315 | D:4      | Reached XP level 6. HP: 53/55 MP: 9/9
  3534 | D:5      | Entered Level 5 of the Dungeon
  3577 | D:5      | Slain by a gnoll sergeant

Illustrated notes

Levels and vault maps discovered:
D:1:      grunt_arrival_lava_bath, layout_basic
D:2:      cheibrodos_old_hovel, layout_loops_ring, basic_altar
D:3:      layout_basic, dk_yredelemnul_ordeal, lemuel_blue_sif_altar,
          serial_shops, nicolae_shop_just_a_little_nook, shop
D:4:      kennysheep_six_static_rooms, layout_cave_pools, lemuel_crystal_altar,
          hellmonk_okawaru_the_only_friend_you_need,
          nicolae_wu_jian_wuxing_cycle, minmay_manual_mess, uniq_menkaure
D:5:      layout_basic, mainiacjoe_overflow_alcove_4, serial_rivers,
          chequers_serial_rivers_room_b, chequers_serial_rivers_large_b,
          chequers_serial_rivers_small_3, chequers_serial_rivers_large_a,
          minmay_strange_pillars

Skill      XL: |  1  2  3  4 |
---------------+-------------+-----
Transmutations | 3 7 |  7.5
Unarmed Combat | 4 7 |  7.3
Fighting       | 4 |  4.8
Dodging        | 5 |  5.7
Spellcasting   | |  2.0

Action                     |  1- 3 |  4- 6 || total
---------------------------+-------+-------++-------
  Melee: Unarmed           |    90 |    83 ||   173
         Headbutt          |     8 |    15 ||    23
         Kick              |    14 |    21 ||    35
         Punch             |     1 |     1 ||     2
         Tailslap          |     8 |    10 ||    18
  Throw: Stone             |     1 |       ||     1
   Cast: Beastly Appendage |    25 |    23 ||    48
         Wereblood         |     1 |     1 ||     2
    Use: Scroll            |     2 |     4 ||     6
         Potion            |       |     1 ||     1
   Stab: Sleeping          |     4 |     4 ||     8
 Armour: Skin              |    29 |    16 ||    45
  Dodge: Dodged            |    41 |    48 ||    89
